Map: Catalyst LE

Players

izaak

  • Race: Protoss Protoss
  • Spawn Location: 11:00

badzergling - Winner!

  • Race: Zerg Zerg
  • League: Platinum
  • Spawn Location: 5:00

VOD

Have the link to the VOD?

Description

Time

  • Played on: Dec. 30, 2017, 9:50 p.m.
  • Length: 18:06
Show
View Real Time Build Order
Export as new Build Order

izaak Protoss 

Build Orders: 1 Gate Expand 

Get SALT Encoding   

  12  0:00  Probe  
  13  0:13  Pylon  
  13  0:20  Probe  
  14  0:32  Probe  
  15  0:35  Gateway  
  15  0:45  Probe  
  15  0:48  Assimilator  
  17  0:57  Probe  
  17  1:21  Nexus  
  17  1:27  Probe  
  19  1:40  Probe  
  19  1:42  Cybernetics Core  
  19  1:55  Probe  
  19  2:00  Pylon  
  20  2:10  Probe  
  20  2:13  Warp Gate (Chrono Boost), Assimilator  
  21  2:18  Adept  
  23  2:23  Probe  
  24  2:34  Probe  
  24  2:35  Probe  
  26  2:45  Adept  
  26  2:46  Gateway  
  28  2:52  Probe x2  
  30  3:04  Probe  
  31  3:10  Probe  
  32  3:14  Pylon  
  32  3:16  Probe  
  33  3:22  Probe  
  34  3:29  Probe  
  36  3:34  Probe  
  36  3:41  Probe  
  37  3:42  Gateway  
  37  3:44  Gateway  
  37  3:58  Probe x2  
  39  4:04  Zealot  
  41  4:13  Probe  
  41  4:14  Probe  
  43  4:18  Pylon  
  43  4:23  Stargate  
  43  4:24  Adept  
  45  4:25  Probe  
  45  4:26  Probe  
  47  4:37  Assimilator  
  47  4:38  Probe x2  
  49  4:44  Stalker x4  
  57  4:50  Probe x2  
  59  4:56  Gateway  
  59  5:02  Probe x2  
  61  5:12  Pylon  
  62  5:14  Probe  
  62  5:31  Nexus  
  62  5:32  Pylon  
  62  5:36  Stalker x2  
  62  5:37  Stalker x2  
  70  5:58  Probe  
  70  6:00  Pylon  
  70  6:04  Gateway  
  71  6:16  Zealot x3  
  77  6:23  Oracle, Gateway  
  80  6:26  Gateway  
  80  6:27  Gateway  
  80  6:45  Assimilator  
  80  6:50  Pylon  
  80  6:55  Forge  
  80  7:00  Forge  
  80  7:02  Probe x3  
  80  7:03  Pylon  
  83  7:11  Pylon  
  83  7:14  Probe x3  
  86  7:15  Assimilator  
  86  7:18  Sentry x3  
  86  7:21  Stalker  
  86  7:22  Zealot x2  
  98  7:26  Probe  
  99  7:33  Assimilator  
  99  7:47  Zealot x2, Stalker x3  
  106  7:52  Pylon  
  106  8:06  Stalker  
  106  8:10  Photon Cannon  
  106  8:12  Photon Cannon  
  108  8:15  Photon Cannon  
  108  8:17  Photon Cannon  
  86  8:48  Zealot x3  
  86  8:49  Stalker x3  
  86  8:53  Protoss Ground Armor Level 1, Protoss Ground Weapons Level 1  
  96  9:10  Adept  
  96  9:11  Adept x5  
  108  9:17  Gateway  
  108  9:18  Nexus  
  108  9:21  Pylon  
  108  9:23  Pylon x2  
  108  9:28  Pylon  
  108  9:34  Adept  
  108  9:35  Adept x6  
  108  9:36  Adept  
  124  9:49  Twilight Council  
  64  10:24  Adept x5  
  64  10:25  Adept x4  
  64  10:26  Adept  
  78  10:33  Probe  
  78  10:34  Probe x3  
  82  10:42  Assimilator  
  82  10:46  Assimilator, Probe x4  
  86  10:56  Stalker  
  86  11:10  Adept x3  
  86  11:11  Adept  
  94  11:16  Adept x5  
  94  11:18  Protoss Ground Weapons Level 2 (Chrono Boost), Protoss Ground Armor Level 2 (Chrono Boost)  
  104  11:25  Resonating Glaives  
  104  11:33  Pylon  
  104  11:35  Zealot  
  106  11:40  Probe x4  
  110  11:47  Adept x2  
  110  11:48  Adept x6  
  126  11:55  Probe  
  126  11:56  Probe  
  127  12:10  Stalker x4  
  127  12:11  Sentry x4  
  143  12:17  Templar Archives  
  143  12:29  Robotics Facility  
  143  12:52  Zealot x4  
  143  12:53  Zealot x2  
  141  13:28  Protoss Ground Armor Level 3 (Chrono Boost)  
  141  13:30  Protoss Ground Weapons Level 3 (Chrono Boost)  
  141  13:39  Observer  
  140  13:50  Stargate  
  140  13:53  Stargate x2  
  140  13:59  Fleet Beacon  
  140  14:00  Observer  
  129  14:16  Adept x2  
  133  14:17  Adept x3  
  133  14:18  Stalker x5  
  133  14:21  Observer  
  133  14:22  Probe x4  
  152  14:37  Psionic Storm  
  152  14:40  High Templar x4  
  152  14:41  High Templar  
  162  14:47  Probe x3  
  162  14:48  Observer  
  166  14:58  Pylon  
  166  14:59  Pylon  
  166  15:09  Nexus, Observer  
  166  15:10  Pylon  
  166  15:12  Pylon  
  166  15:21  Adept  
  166  15:22  Adept x6  
  166  15:23  Stalker x3  
  186  15:31  Observer  
  187  15:49  Pylon  
  186  15:59  Adept x2  
  186  16:00  Adept x3, Zealot x2  
  186  16:01  Zealot  
  177  16:38  Stalker x2  
  177  16:39  Stalker x3  
  168  16:48  Stalker x2  
  168  16:49  Stalker x3  
  116  17:05  Archon  
  116  17:08  Adept x3  
  92  17:13  Adept  
  92  17:14  Adept x5  
  92  17:15  Adept  
  89  17:22  Observer  
  87  17:43  Stalker  
  87  17:44  Stalker x3, Observer  
  92  17:45  Stalker x3  
  92  17:46  Stalker x3  
Show
View Real Time Build Order
Export as new Build Order

badzergling Zerg - Winner!

Build Orders: Hatch First, Lurkers 

Get SALT Encoding   

  12  0:02  Drone  
  13  0:11  Drone  
  14  0:20  Overlord  
  14  0:39  Drone x3  
  17  0:55  Hatchery  
  16  1:12  Spawning Pool  
  16  1:14  Drone  
  16  1:18  Drone  
  17  1:35  Drone x2  
  17  1:39  Extractor  
  18  1:46  Drone  
  19  1:59  Drone x2  
  21  2:06  Queen  
  21  2:07  Overlord  
  21  2:08  Queen  
  23  2:09  Drone  
  26  2:21  Overlord  
  26  2:22  Drone  
  27  2:35  Drone  
  27  2:36  Drone  
  29  2:49  Zergling x4  
  29  2:50  Queen x2  
  35  2:52  Drone  
  35  2:53  Drone  
  37  3:05  Drone  
  38  3:06  Drone  
  39  3:22  Drone  
  39  3:23  Drone x4  
  43  3:42  Hatchery  
  42  4:06  Queen, Lair  
  42  4:08  Roach Warren  
  43  4:10  Drone  
  43  4:13  Overlord x2  
  43  4:14  Overlord x2  
  44  4:21  Drone, Extractor  
  44  4:23  Drone, Extractor  
  44  4:24  Extractor  
  43  4:40  Drone x3  
  43  4:41  Drone x3  
  43  4:43  Drone  
  43  4:44  Drone x3  
  53  4:59  Drone  
  55  5:00  Drone x2  
  55  5:04  Overseer  
  56  5:19  Hydralisk Den  
  55  5:21  Spire  
  55  5:23  Drone x10  
  64  5:29  Roach  
  66  5:38  Roach x3  
  72  5:45  Roach x2  
  76  6:00  Hatchery  
  75  6:06  Muscular Augments  
  75  6:07  Overlord x2  
  75  6:08  Overlord x2  
  74  6:52  Hydralisk x2, Evolution Chamber  
  74  6:53  Hydralisk x10  
  97  6:55  Queen x2  
  97  6:57  Evolution Chamber  
  97  6:59  Glial Reconstitution  
  100  7:09  Drone x6  
  100  7:13  Extractor  
  100  7:14  Queen  
  108  7:15  Drone  
  108  7:16  Drone x2  
  110  7:36  Drone x2  
  112  7:39  Extractor  
  107  7:46  Drone  
  107  7:47  Drone x5  
  107  7:48  Overlord x3  
  107  7:49  Overlord  
  113  8:00  Zerg Ground Armor Level 1  
  113  8:01  Zerg Missile Weapons Level 1  
  113  8:02  Overlord x4  
  113  8:34  Hydralisk x12  
  115  8:49  Queen x2  
  115  8:50  Hydralisk, Queen  
  115  8:51  Hydralisk x3  
  129  9:06  Overseer x3  
  129  9:14  Overseer  
  129  9:19  Hydralisk x6  
  141  9:25  Queen x2  
  141  9:26  Lurker Den  
  144  9:34  Infestation Pit  
  137  10:07  Hydralisk x16  
  133  10:15  Hatchery, Zergling x2  
  133  10:16  Zergling x2  
  122  10:24  Hydralisk x3  
  124  11:07  Lurker  
  124  11:08  Lurker x3, Hydralisk x3  
  124  11:09  Hydralisk x10  
  154  11:19  Hive, Queen x2  
  158  11:32  Drone  
  159  11:33  Drone x6  
  165  11:50  Drone  
  165  11:51  Drone x2  
  165  11:52  Overlord x3  
  165  11:53  Hatchery  
  167  12:09  Queen  
  167  12:11  Pneumatized Carapace  
  167  12:12  Burrow  
  169  12:26  Corruptor  
  169  12:27  Corruptor x5  
  169  12:29  Zerg Missile Weapons Level 2  
  181  12:34  Greater Spire  
  179  12:45  Queen  
  179  12:47  Zerg Melee Weapons Level 1  
  181  12:55  Queen x4  
  157  13:34  Hydralisk  
  157  13:35  Hydralisk x16  
  157  13:36  Hydralisk x3  
  197  13:44  Overlord x5  
  193  14:05  Brood Lord x3  
  199  14:25  Hydralisk  
  199  14:43  Extractor  
  198  14:46  Extractor  
  197  14:55  Hydralisk  
  197  15:19  Hatchery  
  196  15:32  Adaptive Talons  
  196  15:34  Zerg Melee Weapons Level 2, Zerg Ground Armor Level 2  
  196  15:45  Zerg Flyer Armor Level 1  
  196  15:47  Pathogen Glands  
  196  15:48  Metabolic Boost  
  154  16:57  Hydralisk  
  154  16:58  Hydralisk x25  
  154  16:59  Hydralisk x2  
  168  17:24  Zergling x4  
  168  17:25  Zergling x12  
  176  17:31  Brood Lord x3  
  176  17:32  Corruptor x2  
Tags
 
Composition
Lurkers
League
Platinum
Matchup
PvZ
Spawn Locations
Cross Positions
Add a new tag
Caveats
  • Supply blocks, unpowered buildings, or Contaminate may cause inaccurate times.
  • Supply counts are checked every 10 seconds.